 Dungeon Crawl Stone Soup version 0.25-a0-869-g05d4e06a41 (webtiles) character file.

Game seed: 17781800194471331520, levelgen mode: deterministic

505 Maedhros the Spear-Bearer (level 7, 0/46 HPs)
             Began as an Octopode Chaos Knight on May 1, 2020.
             Was a Plaything of Xom.
             Slain by an anaconda (glowing shapeshifter) (9 damage)
             ... on level 5 of the Dungeon.
             The game lasted 00:04:27 (8272 turns).

Maedhros the Spear-Bearer (Octopode Chaos Knight)   Turns: 8272, Time: 00:04:28

Health: 0/46       AC:  4    Str: 11    XL:     7   Next: 18%
Magic:  7/7        EV: 10    Int: 10    God:    Xom [.*....]
Gold:   244        SH:  3    Dex: 14    Spells: 6/6 levels left

rFire    . . .     SeeInvis .   a - +0 spear (chaos)
rCold    . . .     Gourm    .   h - +0 buckler
rNeg     + . .     Faith    .   (helmet restricted)
rPois    .         Spirit   .   (no amulet)
rElec    .         Reflect  .   g - ring of positive energy
rCorr    .         Harm     .   k - +3 ring of protection
MR       .....                  (no ring)
Stlth    ++........             (no ring)
HPRegen  0.15/turn              (no ring)
MPRegen  0.10/turn              (no ring)
                                (no ring)
                                (no ring)

@: hasted, constricted, very quick
A: almost no armour, stealthy swim, amphibious, 8 rings, constrict 8, camouflage
1, blurry vision 2, dopey 2, gelatinous body 1
a: Renounce Religion


You were on level 5 of the Dungeon.
You worshipped Xom.
You were a plaything of Xom.
You were not hungry.

You visited 1 branch of the dungeon, and saw 5 of its levels.

You collected 244 gold pieces.

Inventory:

Hand Weapons
 a - a +0 spear of chaos (weapon)
Missiles
 i - 9 poisoned darts (quivered)
Armour
 h - a +0 buckler (worn)
Jewellery
 c - a +2 ring of intelligence {unknown}
 g - a ring of positive energy (left tentacle)
 k - a +3 ring of protection (right tentacle)
 m - an uncursed amulet of harm {unknown}
 n - an uncursed ring of stealth
 q - an uncursed amulet of faith {unknown}
Wands
 p - a wand of flame (20)
Scrolls
 d - 3 scrolls of magic mapping {unknown}
 e - 3 scrolls of identify {unknown}
 f - 3 scrolls of remove curse {unknown}
 l - a scroll of fear {unknown}
 o - a scroll of amnesia {unknown}
Comestibles
 b - 7 rations


   Skills:
 - Level 3.0 Fighting
 + Level 8.0 Polearms
 - Level 2.3 Dodging


You had 6 spell levels left.
You didn't know any spells.
Your spell library contained the following spells:

 Spells                   Type           Power        Failure   Level  Hunger
 Magic Dart               Conj           #...         54%         1    ##.....
 Blink                    Tloc           N/A          67%         2    ###....
 Call Imp                 Summ           #.......     67%         2    ###....
 Slow                     Hex            #.......     67%         2    ###....
 Conjure Flame            Conj/Fire      #.......     88%         3    ####...
 Mephitic Cloud           Conj/Pois/Air  #.......     88%         3    ####...


Dungeon Overview and Level Annotations

Branches:
Dungeon (5/15)
 Temple: D:4-7

Altars:
Makhleb
Okawaru
Vehumet


Innate Abilities, Weirdness & Mutations

You cannot wear most types of armour.
You are very stealthy in the water. (Stealth+)
You are amphibious.
You can wear up to eight rings at the same time.
You can use your tentacles to constrict eight enemies at once.
Your skin changes colour to match your surroundings (Stealth+).
Your rubbery body absorbs attacks. (AC +1, EV +1)
Scrolls take you longer to read.
You are very dopey. (Int -4)


Message History

Your grab misses the orc wizard. You squeeze the orc wizard.
The orc wizard is heavily wounded.
You hit the orc wizard.
The orc wizard changes into a glowing shapeshifter!
Your grab misses the glowing shapeshifter.
You squeeze the glowing shapeshifter, but do no damage.
The glowing shapeshifter is moderately wounded.
You hit the glowing shapeshifter. You freeze the glowing shapeshifter.
You grab the glowing shapeshifter.
The glowing shapeshifter is heavily wounded.
You constrict the glowing shapeshifter.
You lose your grip on the anaconda.
The glowing shapeshifter changes into an anaconda!
Okay, then.
Really read with blurry vision while enemies are nearby?
Okay, then.
You feel yourself speed up.
The orc priest shouts!
The anaconda grabs you. The anaconda bites you!
You die...
Xom titters!

##.#.# ##.#.###
##.#...###
#..###...# #.##
###.###############
..
#>..............#
.#
####).o.o.......# #
#..###S.....>.# .#
#.## ##@.....?#
..## #####.#
##.)....#
...###.[...#
#))....#
...##..#####
#......# ...oZ.##
#......# ..o.###
#.$..(.# ....#
#......# .o.##
######## o[.#


You could see an anaconda shaped shifter, an orc priest and an orc.

Vanquished Creatures
  Purgy (D:4)
  A jelly (D:5)
  2 orc priests (D:5)
  3 iron imps (D:5)
  An orc wizard (D:5)
  A bullfrog skeleton (D:4)
  An iguana (D:3)
  Natasha (twice) (D:4)
  2 adders
  2 oozes
  An adder skeleton (D:5)
  A worm (D:2)
  A dart slug (D:2)
  2 leopard geckos (D:1)
  9 orcs
  2 giant cockroaches
  6 hobgoblins
  5 kobolds
  A ball python (D:3)
  2 bats
  2 frilled lizards (D:2)
  6 goblins
  A quokka zombie (D:5)
  4 rats
59 creatures vanquished.

Vanquished Creatures (collateral kills)
  An orc wizard (D:5)
1 creature vanquished.

Grand Total: 60 creatures vanquished

Notes
Turn   | Place    | Note
-------+----------+-------------------------------------------
     0 | D:1      | Maedhros the Octopode Chaos Knight began the quest for the
                  | Orb.
     0 | D:1      | Reached XP level 1. HP: 16/16 MP: 1/1
    88 | D:1      | Reached XP level 2. HP: 13/21 MP: 2/2
   331 | D:1      | XOM: divination: magic mapping
   460 | D:1      | XOM: noise
   715 | D:2      | Reached skill level 4 in Polearms
   715 | D:2      | Reached XP level 3. HP: 18/26 MP: 3/3
   842 | D:2      | XOM: cloud trail
   981 | D:2      | XOM: cloud trail
  1472 | D:1      | XOM: divination: detect items
  1518 | D:1      | XOM: stat loss: -1 Int (13/14)
  1576 | D:1      | XOM: give mutations
  1576 | D:1      | Gained mutation: Scrolls take you a little longer to read.
                  | [Xom's mischief]
  1576 | D:1      | Gained mutation: You are clumsy. (Dex -2) [Xom's mischief]
  1576 | D:1      | Lost mutation: You are clumsy. (Dex -2) [Xom's mischief]
  2449 | D:1      | XOM: summons 2 hostile demons
  3056 | D:1      | XOM is BORED!
  3246 | D:3      | Reached skill level 5 in Polearms
  3246 | D:3      | Reached XP level 4. HP: 2/31 MP: 4/4
  4852 | D:3      | XOM: draining
  5337 | D:3      | XOM: 7-stop teleportation journey
  5675 | D:3      | XOM: summons 3 hostile demons
  6119 | D:4      | Reached XP level 5. HP: 34/36 MP: 5/5
  6495 | D:3      | XOM: give mutations
  6495 | D:3      | Gained mutation: You are dopey. (Int -2) [Xom's mischief]
  6495 | D:3      | Gained mutation: You are very dopey. (Int -4) [Xom's
                  | mischief]
  6495 | D:3      | Gained mutation: Scrolls take you longer to read. [Xom's
                  | mischief]
  6532 | D:3      | XOM: summons 2 hostile demons
  6637 | D:3      | XOM: noise
  6688 | D:3      | XOM: noise
  6748 | D:3      | XOM: summons 3 hostile demons
  6749 | D:3      | Noticed a hellwing
  6812 | D:4      | Noticed Natasha
  6825 | D:4      | Killed Natasha
  7002 | D:4      | Found an iron altar of Okawaru.
  7007 | D:4      | Noticed Purgy
  7014 | D:4      | XOM: silly message
  7025 | D:4      | XOM: summons 4 hostile shadow creatures
  7197 | D:4      | Noticed Natasha
  7203 | D:4      | Killed Natasha
  7203 | D:4      | Reached skill level 6 in Polearms
  7291 | D:4      | XOM: divination: detect creatures
  7503 | D:4      | HP: 1/36 [Purgy (2)]
  7507 | D:4      | Killed Purgy
  7507 | D:4      | Reached XP level 6. HP: 1/42 MP: 6/6
  7897 | D:5      | Entered Level 5 of the Dungeon
  7954 | D:5      | Found a radiant altar of Vehumet.
  7984 | D:5      | Found a burning altar of Makhleb.
  7986 | D:5      | XOM: give mutations
  7986 | D:5      | Lost mutation: Scrolls take you longer to read. [Xom's
                  | mischief]
  7986 | D:5      | Gained mutation: Scrolls take you longer to read. [Xom's
                  | mischief]
  7997 | D:5      | Reached skill level 7 in Polearms
  8208 | D:5      | XOM: confusion (+ monsters)
  8241 | D:5      | XOM: summons friendly iron imp
  8257 | D:5      | Reached XP level 7. HP: 30/46 MP: 7/7
  8267 | D:5      | Reached skill level 8 in Polearms
  8270 | D:5      | Noticed a glowing shapeshifter
  8270 | D:5      | an orc wizard changed into a glowing shapeshifter
  8271 | D:5      | Noticed an anaconda
  8271 | D:5      | a glowing shapeshifter changed into an anaconda
  8272 | D:5      | Slain by an anaconda (glowing shapeshifter)

Levels and vault maps discovered:
D:1:      dpeg_arrival_central, layout_rooms
D:2:      layout_loops_ring
D:3:      layout_loops_cross
D:4:      layout_gridville, okawaru_ov_weapons_minmay, uniq_purgy, uniq_natasha
D:5:      layout_rooms, demons_altar, first_ration, vehumet_altar_wand_db

Skill      XL: |  1  2  3  4  5  6  7 |
---------------+----------------------+-----
Polearms       | 4 5 6 7 8 |  8.0
Fighting       | |  3.0
Dodging        | |  2.3

Action                   |  1- 3 |  4- 6 |  7- 9 || total
-------------------------+-------+-------+-------++-------
Melee: Spear             |    83 |   154 |    10 ||   247
       Constrict         |    13 |    19 |     1 ||    33
       Tentacles         |     7 |    24 |     4 ||    35
  Use: Potion            |       |     5 |     1 ||     6
 Stab: Sleeping          |     5 |     7 |       ||    12
       Confused          |     1 |       |       ||     1
       Petrifying        |       |     1 |       ||     1
       Petrified         |       |     1 |       ||     1
       Paralysed         |       |     2 |       ||     2
  Eat: Ration            |     3 |     1 |       ||     4
       Chunk             |       |     9 |       ||     9
Armor: Skin              |     2 |    24 |       ||    26
Dodge: Dodged            |    26 |    57 |       ||    83
Block: Buckler           |     3 |    16 |     1 ||    20

Table legend:
 A = Non-vault XP
 B = Vault XP
 C = Vault XP percentage of total XP
 D = Non-vault monster count
 E = Vault monster count
 F = Vault count percentage of total count
                 A         B        C        D         E       F
            +---------+---------+-------+---------+---------+-------
      Total |     436 |     286 |  39.6 |      54 |       6 |  10.0
            +---------+---------+-------+---------+---------+-------
        D:1 |      24 |       0 |   0.0 |      14 |       0 |   0.0
        D:2 |      41 |       0 |   0.0 |      10 |       0 |   0.0
        D:3 |      81 |       0 |   0.0 |      16 |       0 |   0.0
        D:4 |      83 |     165 |  66.5 |       4 |       2 |  33.3
        D:5 |     207 |     121 |  36.9 |      10 |       4 |  28.6
            +---------+---------+-------+---------+---------+-------
